Map: Abyssal Reef LE

Players

ByuN

  • Race: Terran Terran
  • Spawn Location: 11:00

Stats - Winner!

  • Race: Protoss Protoss
  • Spawn Location: 5:00

Event: IEM XI Katowice - World Championship 2017

VOD

https://www.youtube.com/watch?v=hr7lgiwRGc4

Description

ByuN opens Barracks first with a Reaper, which he uses to scout around for proxies around his base. He follows up with a Starport and scouts with the Reaper to see Stats with a Stargate himself. The first Oracle moves across the map but gets picked off by a Widow Mine in the middle of the map to deny all scouting or harass.

He follows up with a double Widow Mine drop, but that is completely shut down by 2 Phoenixes. A few Marines poke at the 3rd Nexus, but a few Adepts and an Oracle push it back.

ByuN follows up with +1/+1 infantry upgrades and Stimpack while Stats gets +1 weapons and Resonating Glaives and continues to add on more Phoenixes. A big Marine/Widow Mine/Liberator army moves back and forth across the map but eventually pushes in towards Stats's 3rd base. Stats sahdes his Adepts forward onto the Marines, and the Widow Mines explode over ByuN's army, which quickly disappears.

Stats goes for the counter and shades in to jump on top of ByuN's army. Simultaneous Phoneix lifts take out the Widow Mines before they fire and Stats instantly pushes through into ByuN's natural. ByuN's taps out shortly afterwards.

Time

  • Played on: March 4, 2017, 3:09 p.m.
  • Length: 10:37

All games in this series

Show
View Real Time Build Order
Export as new Build Order

ByuN Terran 

Build Orders: Reaper Expand, MMM Bio 

Get SALT Encoding   

  12  0:00  SCV  
  13  0:12  SCV  
  14  0:17  Supply Depot  
  14  0:24  SCV  
  15  0:28  Refinery  
  15  0:38  SCV  
  16  0:45  Barracks  
  16  0:50  SCV  
  17  1:02  SCV  
  18  1:15  SCV  
  19  1:32  Reaper, Orbital Command  
  20  1:46  Command Center  
  20  1:53  Factory  
  20  1:57  SCV  
  21  2:05  Refinery, Barracks Reactor  
  21  2:09  SCV  
  22  2:16  Supply Depot  
  22  2:21  SCV  
  23  2:37  Starport  
  23  2:38  SCV  
  23  2:41  Widow Mine  
  23  2:42  Marine x2  
  28  2:50  SCV  
  29  2:57  Orbital Command  
  29  3:00  Marine x2  
  29  3:02  SCV, Orbital Command  
  32  3:14  Widow Mine, SCV  
  32  3:15  Medivac  
  36  3:26  Marine x2  
  38  3:29  Barracks  
  38  3:30  SCV  
  39  3:37  SCV  
  39  3:39  Supply Depot  
  40  3:44  Marine x2, SCV  
  43  3:49  SCV  
  43  3:53  Factory Tech Lab  
  44  3:56  SCV  
  44  4:02  Marine x2, SCV  
  48  4:08  SCV  
  49  4:10  Barracks  
  49  4:15  SCV  
  50  4:19  Supply Depot, Starport Reactor  
  50  4:20  SCV  
  51  4:24  Factory Tech Lab  
  51  4:27  Marine x2, Engineering Bay, SCV  
  54  4:32  Stimpack  
  54  4:40  Marine, SCV x2  
  54  4:44  Marine  
  54  4:45  Marine  
  57  4:51  Factory Reactor  
  57  4:52  SCV x2  
  57  4:56  Terran Infantry Weapons Level 1  
  57  4:59  Marine  
  57  5:00  Refinery  
  57  5:02  Marine x2  
  57  5:04  SCV  
  57  5:05  SCV  
  59  5:11  Marine, Combat Shields  
  55  5:15  Medivac  
  55  5:16  Medivac  
  55  5:17  Marine, SCV x2  
  55  5:21  Refinery  
  60  5:24  Marine x2, Supply Depot  
  62  5:35  Supply Depot  
  62  5:39  Liberator x2  
  62  5:46  Marine x4, SCV x2  
  62  5:49  Supply Depot, Widow Mine  
  70  5:55  Supply Depot, Widow Mine  
  76  6:00  Missile Turret  
  77  6:07  Missile Turret  
  77  6:10  Marine, SCV x2  
  77  6:11  Marine x3  
  81  6:12  Supply Depot  
  82  6:20  Widow Mine  
  82  6:22  Liberator x2  
  84  6:26  Widow Mine  
  84  6:28  Marine x3  
  84  6:29  Marine  
  90  6:37  Supply Depot  
  90  6:38  Supply Depot  
  96  6:46  Marine x2  
  100  6:51  Marauder x2  
  102  6:55  Supply Depot  
  102  6:56  Terran Infantry Armor Level 1  
  102  6:58  Widow Mine x2  
  106  7:01  Supply Depot  
  106  7:07  Liberator  
  107  7:09  Liberator  
  107  7:10  Command Center  
  107  7:12  SCV x2  
  107  7:13  Marine x2  
  107  7:14  Marauder  
  112  7:16  Marauder  
  120  7:31  Widow Mine x2  
  120  7:32  Marine  
  120  7:33  Marine  
  126  7:39  Concussive Shells  
  126  7:40  Marauder  
  128  7:48  Marauder  
  130  7:59  Marine x2  
  130  8:01  Marauder  
  130  8:02  Barracks  
  130  8:04  Barracks  
  134  8:11  Widow Mine x2  
  133  8:16  Marauder  
  133  8:19  Marine x2  
  109  8:23  Marauder  
  109  8:27  SCV x2  
  106  8:32  Orbital Command  
  103  8:34  Medivac x2  
  103  8:37  Marine x2, Marauder  
  103  8:40  Widow Mine x2  
  108  8:44  Marauder  
  110  8:50  Liberator x2  
  110  8:54  Barracks Tech Lab, Barracks Reactor  
  110  8:55  Marine x2  
  103  8:58  Marauder  
  106  9:06  Marauder  
  106  9:08  Widow Mine x2  
  118  9:12  SCV x2  
  118  9:13  Marine x2  
  118  9:15  Marauder  
  124  9:19  Armory, Engineering Bay  
  124  9:20  Marauder  
  126  9:27  Marauder  
  114  9:31  Marine  
  114  9:32  Marine  
  114  9:35  SCV x2  
  114  9:36  Marauder  
  114  9:37  Widow Mine x2  
  99  9:41  Marauder  
  94  9:47  Marine x2  
  94  9:48  Marine  
  73  9:55  SCV  
  73  9:56  SCV  
  73  9:59  Marine x3  
  62  10:02  Marine  
  62  10:05  Marine x2, Widow Mine x2  
  62  10:06  Marine  
  61  10:07  SCV  
  49  10:17  Marine x3  
Show
View Real Time Build Order
Export as new Build Order

Stats Protoss - Winner!

Build Orders: 1 Gate Expand, Oracle Opening, Phoenix Opening 

Get SALT Encoding   

  12  0:00  Probe (Chrono Boost)  
  13  0:11  Probe (Chrono Boost)  
  14  0:17  Pylon  
  14  0:22  Probe (Chrono Boost)  
  15  0:36  Gateway, Probe (Chrono Boost)  
  15  0:41  Assimilator  
  16  0:46  Probe (Chrono Boost)  
  18  0:57  Probe (Chrono Boost)  
  18  1:07  Probe (Chrono Boost)  
  19  1:20  Nexus  
  19  1:28  Cybernetics Core  
  19  1:32  Probe (Chrono Boost)  
  20  1:37  Assimilator  
  20  1:42  Probe (Chrono Boost)  
  21  1:49  Pylon  
  21  1:53  Probe (Chrono Boost)  
  22  2:04  Adept, Probe (Chrono Boost)  
  22  2:05  Warp Gate  
  26  2:17  Probe (Chrono Boost)  
  25  2:25  Stargate  
  25  2:27  Adept  
  25  2:29  Probe (Chrono Boost)  
  26  2:33  Probe (Chrono Boost)  
  29  2:41  Probe (Chrono Boost)  
  29  2:43  Probe (Chrono Boost)  
  31  2:52  Probe (Chrono Boost)  
  31  2:54  Probe (Chrono Boost)  
  33  3:03  Oracle, Probe (Chrono Boost)  
  33  3:04  Probe (Chrono Boost)  
  38  3:16  Probe (Chrono Boost)  
  38  3:18  Probe (Chrono Boost)  
  40  3:26  Nexus  
  40  3:28  Probe (Chrono Boost)  
  40  3:30  Probe (Chrono Boost)  
  40  3:33  Pylon  
  42  3:36  Phoenix  
  42  3:39  Probe (Chrono Boost)  
  46  3:43  Probe (Chrono Boost)  
  46  3:51  Probe (Chrono Boost)  
  49  3:55  Pylon  
  49  3:56  Mothership Core (Chrono Boost)  
  49  3:58  Phoenix  
  48  4:04  Probe (Chrono Boost)  
  48  4:08  Gateway  
  48  4:09  Gateway  
  49  4:15  Probe (Chrono Boost)  
  49  4:16  Assimilator, Probe (Chrono Boost)  
  51  4:18  Oracle, Assimilator  
  54  4:25  Probe (Chrono Boost)  
  54  4:28  Probe (Chrono Boost)  
  54  4:30  Pylon  
  56  4:44  Probe (Chrono Boost)  
  58  4:46  Twilight Council, Probe (Chrono Boost)  
  58  4:47  Forge  
  58  4:50  Adept  
  60  5:00  Probe x2 (Chrono Boost)  
  60  5:02  Probe (Chrono Boost)  
  61  5:08  Oracle  
  61  5:12  Adept x3  
  61  5:13  Protoss Ground Weapons Level 1  
  61  5:14  Resonating Glaives, Probe (Chrono Boost)  
  70  5:18  Probe x2 (Chrono Boost)  
  72  5:30  Probe x3 (Chrono Boost)  
  75  5:36  Pylon  
  75  5:41  Phoenix  
  75  5:42  Probe x3 (Chrono Boost)  
  79  5:54  Probe x3 (Chrono Boost)  
  79  5:55  Gateway  
  79  5:56  Gateway  
  82  6:02  Phoenix  
  82  6:05  Gateway  
  82  6:09  Gateway  
  84  6:11  Gateway  
  84  6:15  Robotics Facility  
  84  6:19  Pylon  
  84  6:21  Pylon  
  84  6:24  Phoenix  
  84  6:30  Probe x2 (Chrono Boost)  
  84  6:31  Probe (Chrono Boost)  
  89  6:35  Adept  
  89  6:36  Adept  
  93  6:41  Pylon x2  
  93  6:43  Pylon  
  93  6:46  Phoenix  
  93  6:52  Protoss Ground Armor Level 1  
  95  6:55  Pylon  
  95  6:57  Adept x5  
  105  7:04  Observer  
  105  7:07  Phoenix  
  108  7:21  Adept x5  
  108  7:22  Adept x3  
  124  7:26  Pylon  
  124  7:27  Pylon, Warp Prism  
  124  7:29  Phoenix  
  128  7:40  Assimilator x2  
  128  7:51  Adept x4  
  128  7:52  Adept x4  
  128  7:55  Phoenix  
  144  8:16  Adept x5  
  144  8:17  Adept x2, Phoenix  
  115  8:37  Adept  
  115  8:38  Adept x7  
  128  8:46  Phoenix  
  124  9:05  Adept x5  
  124  9:06  Adept x2  
  138  9:10  Adept  
  140  9:19  Phoenix  
  130  9:33  Stalker x4  
  118  9:43  Phoenix  
  114  9:52  Adept x4  
  110  10:06  Adept x4  
  106  10:21  Adept x4  

Tags
 
Add a new tag
Caveats
  • Supply blocks, unpowered buildings, or Contaminate may cause inaccurate times.
  • Supply counts are checked every 10 seconds.